 Dungeon Crawl Stone Soup version 0.30.0-29-ga12c61a403 (webtiles) character file.

Game seed: 13104213657722355704

1789 ChadusMaximus the Shield-Bearer (level 9, -2/69 HPs)
             Began as a Formicid Fighter on June 17, 2023.
             Was a Believer of Okawaru.
             Engulfed by a steam dragon's steam (12 damage)
             ... on level 6 of the Dungeon.
             The game lasted 00:06:07 (5009 turns).

ChadusMaximus the Shield-Bearer (Formicid Fighter)  Turns: 5009, Time: 00:06:07

Health: -2/69      AC: 10    Str: 25    XL:     9   Next: 29%
Magic:  14/14      EV: 10    Int:  8    God:    Okawaru [**....]
Gold:   213        SH: 11    Dex: 13    Spells: 8/8 levels left

rFire   . . .        A - +0 broad axe (distort)
rCold   . . .        c - +0 buckler
rNeg    . . .        B - +0 swamp dragon scales
rPois   +            (helmet unavailable)
rElec   .            (no cloak)
rCorr   .            y - +0 pair of gloves
SInv    +            (no boots)
Will    .....        j - amulet of reflection
Stlth   +            (no ring)
HPRegen 0.31/turn    (no ring)
MPRegen 0.14/turn

%: reflection
@: no status effects
A: permanent stasis, dig shafts and tunnels, antennae 3, four strong arms
a: Dig, Shaft Self, Renounce Religion, Heroism


You were on level 6 of the Dungeon.
You worshipped Okawaru.
Okawaru was pleased with you.
You visited 2 branches of the dungeon, and saw 7 of its levels.

You collected 213 gold pieces.

Inventory:

Hand Weapons
 a - a +0 war axe
 A - a +0 broad axe of distortion (weapon)
Missiles
 x - 5 boomerangs
Armour
 b - a +0 scale mail
 c - a +0 buckler (worn)
 y - a +0 pair of gloves (worn)
 B - +0 swamp dragon scales (worn)
Jewellery
 j - an amulet of reflection (around neck)
Wands
 e - a wand of quicksilver (8)
 s - a wand of flame (16)
Scrolls
 f - 2 scrolls of poison
 h - 2 scrolls of fear
 i - a scroll of enchant armour
 o - a scroll of fog
 q - 3 scrolls of vulnerability
 t - a scroll of noise
 v - 2 scrolls of teleportation
Potions
 d - 3 potions of might
 g - a potion of flight
 k - 2 potions of invisibility
 l - 3 potions of curing
 m - a potion of resistance {unknown}
 n - a potion of lignification {unknown}
 p - a potion of ambrosia {unknown}
 r - 2 potions of mutation {unknown}
 u - a potion of attraction {unknown}
 w - a potion of haste {unknown}
 z - a potion of degeneration {unknown}


   Skills:
 + Level 6.3 Fighting
 + Level 5.1 Axes
 + Level 6.2 Armour
 + Level 7.6 Shields
 * Level 6.9 Invocations


You had 8 spell levels left.
You didn't know any spells.
Your spell library contained the following spells:

 Spells                   Type           Power      Damage    Failure   Level
 Magic Dart               Conj           0%         1d3       58%         1
 Searing Ray              Conj           0%         2d4       73%         2
 Ignite Poison            Fire/Tmut/Pois 0%         N/A       91%         3
 Portal Projectile        Hex/Tloc       0%         N/A       91%         3
 Fulminant Prism          Conj/Hex       0%         3d5       100%        4
 Passage of Golubria      Tloc           0%         N/A       100%        4
 Sticky Flame             Conj/Fire      0%         2d3       100%        4
 Blade Hands              Tmut           0%         N/A       100%        5
 Yara's Violent Unravell  Hex/Tmut       0%         3d3       100%        5
 Ignition                 Fire           0%         3d3       100%        8
 Tukima's Dance           Hex            Unusable   N/A       N/A         3

Dungeon Overview and Level Annotations

Branches:
Dungeon (6/15)             Temple (1/1) D:4

Altars:
Ashenzari
Dithmenos
Elyvilon
Gozag
Nemelex Xobeh
Okawaru
Ru
Sif Muna
Trog
Uskayaw
Vehumet
Zin
The Shining One

Shops:
D:2 *   D:3 (   D:5 *

Annotations:
D:4 2 transporters, Ijustatesigmund's ghost, amateur OpVM


Innate Abilities, Weirdness & Mutations

You cannot be hasted, slowed, berserked, paralysed or teleported.
You can dig through walls and to a lower floor.
You have a pair of large antennae on your head. (SInv)
Your four strong arms can wield two-handed weapons with a shield.


Message History

The iguana barely misses you.
You barely miss the iguana.
The iguana is lightly wounded.
The iguana bites you but does no damage.
You barely miss the iguana.
The iguana is lightly wounded.
You block the iguana's attack.
The iguana bites you but does no damage.
You slash the iguana!
Space warps around the iguana.
You kill the iguana!
Okawaru accepts your kill. The steam dragon breathes steam at you.
The ball of steam hits you.
You are engulfed in a cloud of scalding steam.
You feel like a meek peon again. You block the steam dragon's attack.
The steam dragon claws you.
* * * LOW HITPOINT WARNING * * *
You see here an iguana corpse.
You closely miss the steam dragon.
The steam dragon is heavily wounded.
You are engulfed in a cloud of scalding steam.
You block the steam dragon's attack.
The steam dragon claws you but does no damage.
You hit the steam dragon but do no damage.
Space warps around the steam dragon.
The steam dragon is heavily wounded.
You are engulfed in a cloud of scalding steam.
* * * LOW HITPOINT WARNING * * *
The steam dragon barely misses you. You block the steam dragon's attack.
You barely miss the steam dragon.
The steam dragon is heavily wounded.
The steam dragon bites you but does no damage.
The steam dragon completely misses you. The steam dragon breathes steam at you.
The ball of steam misses you.
You slash the steam dragon!
Space warps horribly around the steam dragon.
The steam dragon is almost dead.
You are engulfed in a cloud of scalding steam.
You die...

. #...... .
........ .##
........ ..
........
####.#....... #
#........<...
#.#...§)†..#
#.#####....#
#####.§.§@Dl...+
##≈≈.###.###....#
..#####
#≈≈...#..# ######
#......
#≈.8.....#
#......
##≈....#.##
#......
#≈....####
#####......
#≈.####
#......... #≈..##
#.......###
#≈...##
#..........


You could see a steam dragon (catching breath) and an iguana.

Vanquished Creatures
  Maggie (D:6)
  A steam dragon (D:6)
  A water moccasin (D:5)
  An ice beast (D:6)
  3 ogres
  2 phantoms
  A bullfrog (D:6)
  A scorpion (D:5)
  A howler monkey (D:6)
  3 hounds
  A jelly (D:4)
  A gnoll bouda (D:5)
  Jessica (D:2)
  Terence (D:3)
  5 iguanas
  2 orc wizards
  7 gnolls
  5 adders
  2 shadow imps
  An ufetubus (D:4)
  A worm (D:2)
  2 dart slugs
  6 orcs
  4 ball pythons
  4 endoplasms
  A giant cockroach (D:2)
  5 goblins
  9 hobgoblins
  6 jackals (D:1)
  10 kobolds
  3 quokkas
  3 bats (D:2)
  3 frilled lizards
  11 rats
109 creatures vanquished.

Notes
Turn   | Place    | Note
-------+----------+-------------------------------------------
     0 | D:1      | ChadusMaximus the Formicid Fighter began the quest for the
                  | Orb.
     0 | D:1      | Reached XP level 1. HP: 18/18 MP: 1/1
    73 | D:1      | Reached XP level 2. HP: 23/24 MP: 2/2
   280 | D:1      | Reached XP level 3. HP: 29/29 MP: 3/3
  1069 | D:2      | Found Tawnihu's Assorted Antiques.
  1102 | D:2      | Reached XP level 4. HP: 37/37 MP: 4/4
  1329 | D:2      | Noticed Jessica
  1349 | D:2      | Killed Jessica
  1488 | D:3      | Reached skill level 5 in Shields
  1488 | D:3      | Reached XP level 5. HP: 33/42 MP: 5/5
  1718 | D:3      | Found Looryer's Weapon Shoppe.
  1784 | D:3      | Noticed Terence
  1793 | D:3      | Killed Terence
  2042 | D:4      | Found a staircase to the Ecumenical Temple.
  2062 | Temple   | Entered the Ecumenical Temple
  2118 | Temple   | Became a worshipper of Warmaster Okawaru
  2187 | D:3      | Reached skill level 1 in Invocations
  2187 | D:3      | Reached XP level 6. HP: 28/49 MP: 6/6
  2707 | D:4      | Reached XP level 7. HP: 45/55 MP: 8/8
  2797 | D:4      | Found a transporter.
  2802 | D:4      | Noticed Ijustatesigmund's ghost (amateur OpVM)
  2806 | D:4      | Found a transporter.
  2964 | D:4      | Found a sacrificial altar of Ru.
  3387 | D:5      | Entered Level 5 of the Dungeon
  3395 | D:5      | Reached * piety under Okawaru
  3396 | D:5      | Reached skill level 5 in Fighting
  3396 | D:5      | Reached skill level 5 in Armour
  3396 | D:5      | Reached skill level 6 in Shields
  3614 | D:5      | Found Kutyul's Assorted Antiques.
  3683 | D:5      | Reached XP level 8. HP: 55/62 MP: 8/11
  3699 | D:5      | Found a shadowy altar of Dithmenos.
  4262 | D:5      | Found a white marble altar of Elyvilon.
  4282 | D:5      | Reached skill level 5 in Invocations
  4657 | D:6      | Noticed Maggie
  4681 | D:6      | Killed Maggie
  4681 | D:6      | Reached ** piety under Okawaru
  4682 | D:6      | Reached skill level 7 in Shields
  4682 | D:6      | Reached XP level 9. HP: 6/69 MP: 11/13
  4922 | D:6      | Reached skill level 5 in Axes
  5009 | D:6      | Engulfed by a steam dragon's steam

Illustrated notes

Levels and vault maps discovered:
D:1:      nzn_arrival_crosshair, layout_loops_cross, glass_columns_c,
          minmay_liquid_box, minivault_19, reono_crystal_passage,
          minmay_rat_gold_closets
D:2:      layout_rooms, serial_shops, shop, kennysheep_jessica_study
D:3:      layout_rooms, serial_shops, nicolae_shop_competitors_out_of_business,
          uniq_terence
D:4:      layout_basic, nicolae_ru_great_annihilating_truth, temple_fountains,
          gammafunk_ghost_smash, kennysheep_nub
D:5:      layout_rooms, nicolae_dithmenos_shadow_blocks, elyvilon_altar_3,
          serial_shops, nicolae_inconvenience_store
D:6:      cheibrodos_steamvent, layout_basic, lemuel_coloured_pillars_altar,
          lemuel_crystal_altar, mainiacjoe_overflow_alcove_4, uniq_maggie,
          uniq_crazy_yiuf_cottage
Temple:   eino_wide_crystal_templ

Skill      XL: |  1  2  3  4  5  6  7  8  9 |
---------------+----------------------------+-----
Fighting       | 4 5 6 |  6.3
Armour         | 4 5 6 |  6.2
Axes           | 3 4 5 |  5.1
Shields        | 5 6 7 |  7.6
Invocations    | 1 2 4 6 |  6.9

Action                     |  1- 3 |  4- 6 |  7- 9 || total
---------------------------+-------+-------+-------++-------
  Melee: War axe           |    95 |   141 |   138 ||   374
         Broad axe         |       |       |    19 ||    19
 Invoke: Heroism           |       |       |     3 ||     3
    Use: Scroll            |       |       |    10 ||    10
   Stab: Invisible         |       |       |     1 ||     1
         Paralysed         |       |       |     1 ||     1
 Armour: Scale mail        |    36 |    46 |    37 ||   119
         Swamp dragon scal |       |       |    13 ||    13
  Dodge: Dodged            |    53 |    66 |    75 ||   194
  Block: Buckler           |    20 |    86 |    95 ||   201
         Reflection        |       |     2 |     1 ||     3
